 Dungeon Crawl Stone Soup version 0.21-a0-267-ga5fc350 (webtiles) character file.

1460 Chiseanne the Skirmisher (level 8, -9/64 HPs)
             Began as a Demonspawn Wanderer on Sept 13, 2017.
             Mangled by a two-headed ogre
             ... wielding a +0 giant club
              (17 damage)
             ... on level 6 of the Dungeon.
             The game lasted 00:11:55 (5741 turns).

Chiseanne the Skirmisher (Demonspawn Wanderer)      Turns: 5741, Time: 00:11:56

Health: -9/64      AC: 19    Str: 13    XL:     8   Next: 48%
Magic:  9/9        EV: 12    Int: 15    God:
Gold:   254        SH:  0    Dex: 13    Spells: 9/9 levels left

rFire    + . .     SeeInvis .   a - +2 whip (venom)
rCold    . . .     Gourm    .   (no shield)
rNeg     . . .     Faith    .   F - +0 ring mail
rPois    .         Spirit   .   D - +2 hat
rElec    .         Reflect  .   (no cloak)
rCorr    .         Harm     .   (no gloves)
MR       .....                  x - +1 pair of boots
Stlth    +.........             (no amulet)
HPRegen  0.20/turn              v - ring of protection from fire
MPRegen  0.11/turn              (no ring)

@: sanguine armour
A: demonic guardian 1, sanguine armour 2
a: no special abilities


You were on level 6 of the Dungeon.
You were not hungry.

You visited 1 branch of the dungeon, and saw 6 of its levels.

You collected 254 gold pieces.

Inventory:

Hand Weapons
 a - a +2 whip of venom (weapon)
 s - a +4 falchion of protection
 G - a +0 flail of crushing
 L - a +3 blowgun
 M - a cursed -3 short sword
Missiles
 h - 224 stones
 i - 128 arrows
 k - 2 needles of paralysis
 o - 7 curare-tipped needles
 p - 15 javelins (quivered)
 y - 72 bolts
 E - 49 sling bullets
 H - 4 tomahawks
 K - 11 poisoned needles
Armour
 t - a +0 large shield
 x - a +1 pair of boots (worn)
 z - the +2 ring mail of Insecurity {rN+, unknown}
   (You found it on level 5 of the Dungeon)

   It protects you from negative energy.
 D - a +2 hat (worn)
 F - a +0 ring mail (worn)
 J - the cursed +1 chain mail of Taxet {rC+, unknown}
   (You found it on level 5 of the Dungeon)

   It protects you from cold.
   It has a curse placed upon it.
Jewellery
 v - a ring of protection from fire (left hand)
Wands
 O - a wand of polymorph (7/24)
Scrolls
 d - a scroll of enchant armour
 r - 2 scrolls of recharging
 w - 3 scrolls of teleportation
 N - a scroll of remove curse
 P - a scroll of brand weapon {unknown}
Potions
 b - 2 potions of haste
 e - 2 potions of flight
 l - a potion of agility {unknown}
 m - a potion of degeneration {unknown}
 q - 2 potions of brilliance {unknown}
 u - 2 potions of curing
 A - a potion of invisibility {unknown}
 I - a potion of resistance
Books
 c - Duasa's Tome of Translocation

   Spells                             Type                      Level
   a - Shroud of Golubria             Charms/Translocation         2
   b - Blink                          Translocation                2
 n - a book of Flames

   Spells                             Type                      Level
   a - Flame Tongue                   Conjuration/Fire             1
   b - Throw Flame                    Conjuration/Fire             2
   c - Conjure Flame                  Conjuration/Fire             3
   d - Inner Flame                    Hexes/Fire                   3
   e - Sticky Flame                   Conjuration/Fire             4
   f - Fireball                       Conjuration/Fire             5
Comestibles
 f - 4 bread rations
 g - 4 chunks of flesh
 j - 4 meat rations
 B - a royal jelly
 C - 2 fruits


   Skills:
 * Level 6.0 Fighting
   Level 1.7 Polearms
 * Level 4.8 Throwing
 * Level 4.3 Armour
 * Level 4.6 Dodging
 - Level 1.0 Stealth
 - Level 1.0 Shields
 - Level 1.0 Spellcasting
   Level 1.0 Conjurations
   Level 1.1 Necromancy


You had 9 spell levels left.
You didn't know any spells.

Dungeon Overview and Level Annotations

Branches:
Dungeon (6/15)
 Temple: D:4-7

Altars:
Dithmenos
Hepliaklqana
Kikubaaqudgha
Okawaru
Sif Muna
Wu Jian

Shops:
D:4 [%*[[

Annotations:
D:4 2 transporters


Innate Abilities, Weirdness & Mutations

A weak demonic guardian rushes to your aid.
When seriously injured, your bleeding wounds create thick armour. (AC +9)


Message History

Aim: a two-headed ogre, wielding a giant club and a giant spiked club (severely wounded)
You throw a javelin. The javelin hits the two-headed ogre!
The two-headed ogre is almost dead.
Throwing (i - inventory. (,) - cycle):
p - 16 javelins (quivered)
Press: ? - help, Shift-Dir - straight line, f/p - two-headed ogre
Aim: a two-headed ogre, wielding a giant club and a giant spiked club (almost dead)
You throw a javelin.
The javelin closely misses the two-headed ogre.
You hit the two-headed ogre.
The two-headed ogre is poisoned.
The two-headed ogre is almost dead.
The two-headed ogre hits you with a giant club.
* * * LOW HITPOINT WARNING * * *
The two-headed ogre hits you with a giant spiked club.
* * * LOW HITPOINT WARNING * * *
You hit the two-headed ogre but do no damage.
The two-headed ogre looks as sick as possible!
The two-headed ogre is almost dead.
The two-headed ogre closely misses you.
The two-headed ogre hits you with a giant spiked club!
You die...

#. #. #.
############## ##
##..#..#..##..#
#.........<#..#
#..........#..#
#5.........#..#
#@O<†...(..#..#
#...(......#..#
######..###.###†.####
##..###..###†###..##..
#.....................
##....................
######..########.####
#..### #+# # #....# ..
#


You could see a two-headed ogre and a friendly white imp.

Vanquished Creatures
  Eustachio (D:4)
  An ice beast (D:4)
  A sky beast (D:6)
  An ogre (D:3)
  A centaur (D:5)
  4 bullfrogs (D:6)
  A scorpion (D:4)
  A howler monkey (D:4)
  A bullfrog zombie (D:4)
  3 orc wizards (D:4)
  A crimson imp (D:6)
  An orc priest (D:4)
  Jessica (D:3)
  A worker ant zombie (D:5)
  4 adders
  2 shadow imps
  An ooze (D:2)
  2 adder skeletons (D:4)
  2 worms
  3 dart slugs
  A leopard gecko (D:4)
  30 orcs
  A giant cockroach (D:1)
  11 goblins
  9 hobgoblins
  3 jackals (D:2)
  10 kobolds
  4 quokkas
  3 ball pythons (D:1)
  6 bats
  3 frilled lizards
  A leopard gecko skeleton (D:4)
  A quokka skeleton (D:4)
  8 rats
124 creatures vanquished.

Vanquished Creatures (collateral kills)
  Prince Ribbit (D:5)
  An ogre (D:6)
  A bullfrog (D:6)
  2 howler monkeys
  A bullfrog zombie (D:5)
  A hound skeleton (D:5)
  An adder (D:4)
  A worm (D:5)
9 creatures vanquished.

Grand Total: 133 creatures vanquished

Notes
Turn   | Place    | Note
-------+----------+-------------------------------------------
     0 | D:1      | Chiseanne the Demonspawn Wanderer began the quest for the Orb.
     0 | D:1      | Chiseanne set off with: a +2 dagger, a potion of haste, Duasa's Tome of Translocation, a +0 spear, a +0 robe, a bread ration
     0 | D:1      | Reached XP level 1. HP: 18/18 MP: 2/2
    17 | D:1      | Identified Duasa's Tome of Translocation
   352 | D:1      | Gained mutation: When seriously injured, your bleeding wounds create armour. (AC +9) [demonic ancestry]
   352 | D:1      | Reached XP level 2. HP: 21/24 MP: 3/3
   430 | D:1      | Reached skill level 1 in Dodging
   603 | D:1      | Reached skill level 1 in Throwing
  1177 | D:2      | Reached XP level 3. HP: 29/29 MP: 4/4
  1394 | D:2      | Found an ornate altar of the Wu Jian Council.
  2815 | D:3      | Reached XP level 4. HP: 34/35 MP: 5/5
  3032 | D:3      | Noticed Jessica
  3037 | D:3      | Killed Jessica
  3062 | D:3      | Reached skill level 1 in Armour
  3192 | D:3      | Reached XP level 5. HP: 37/42 MP: 6/6
  3554 | D:4      | Reached skill level 4 in Fighting
  3574 | D:4      | Found Tistrasche's Armour Shoppe.
  3602 | D:4      | Found Elaumy's General Store.
  3604 | D:4      | Noticed an ogre
  3640 | D:3      | Killed an ogre
  3640 | D:3      | Gained mutation: When seriously injured, your bleeding wounds create thick armour. (AC +9) [demonic ancestry]
  3640 | D:3      | Reached XP level 6. HP: 8/48 MP: 7/7
  3921 | D:4      | Noticed an ice beast
  3949 | D:4      | Killed an ice beast
  4095 | D:4      | Found Qoej's Armour Emporium.
  4098 | D:4      | Found an ancient bone altar of Kikubaaqudgha.
  4098 | D:4      | Found an iron altar of Okawaru.
  4104 | D:4      | Found a hazy altar of Hepliaklqana.
  4124 | D:4      | Found a shadowy altar of Dithmenos.
  4124 | D:4      | Found a deep blue altar of Sif Muna.
  4136 | D:4      | Noticed Eustachio
  4180 | D:4      | Killed Eustachio
  4180 | D:4      | Gained mutation: A weak demonic guardian rushes to your aid. [demonic ancestry]
  4180 | D:4      | Reached XP level 7. HP: 26/55 MP: 8/8
  4511 | D:4      | Found Loan's Antique Armour Boutique.
  4527 | D:4      | Reached skill level 5 in Fighting
  4591 | D:4      | Found a transporter.
  4648 | D:4      | Found Uvvoagog's Food Emporium.
  4685 | D:4      | Found a transporter.
  4800 | D:5      | Entered Level 5 of the Dungeon
  4928 | D:5      | Got a slimy ring mail
  4962 | D:5      | Noticed Prince Ribbit
  4971 | D:5      | Killed Prince Ribbit
  5115 | D:5      | Reached XP level 8. HP: 42/63 MP: 9/9
  5268 | D:5      | Got a faintly humming chain mail
  5696 | D:6      | Noticed a two-headed ogre
  5714 | D:6      | Reached skill level 6 in Fighting
  5741 | D:6      | Mangled by a two-headed ogre

Vault maps used:
D:1:      kennysheep_arrival_forest
D:2:      nicolae_overflow_crystal_walls, patterned_corridor
D:3:      uniq_jessica
D:4:      gammafunk_steamed_eel, grunt_temple_overflow_open, serial_shops, shop,
          kennysheep_mini_moat, nicolae_shop_competitors_out_of_business, shop,
          shop, uniq_eustachio
D:5:      corexii_shack_village, first_bread, uniq_prince_ribbit1
D:6:      tgw_xom

Skill      XL: |  1  2  3  4  5  6  7  8 |
---------------+-------------------------+-----
Dodging        | 1 2 3 4 |  4.6
Throwing       | 1 2 3 4 |  4.8
Armour         | 1 2 3 4 |  4.3
Fighting       | 4 5 6 |  6.0
Polearms       | |  1.7
Stealth        | |  1.0
Shields        | |  1.0
Spellcasting   | |  1.0
Conjurations   | |  1.0
Necromancy     | |  1.1

Action                   |  1- 3 |  4- 6 |  7- 9 || total
-------------------------+-------+-------+-------++-------
Melee: Dagger            |   165 |   159 |       ||   324
       Whip              |       |    86 |   172 ||   258
       Falchion          |       |       |    21 ||    21
Throw: Javelin           |       |       |     2 ||     2
Evoke: Wand              |       |       |     2 ||     2
  Use: Scroll            |     1 |     6 |     7 ||    14
 Stab: Sleeping          |     4 |       |       ||     4
       Distracted        |       |       |     1 ||     1
  Eat: Chunk             |     6 |     5 |     5 ||    16
Armor: Robe              |    38 |       |       ||    38
       Ring mail         |     2 |   120 |    84 ||   206
Dodge: Dodged            |   109 |   139 |   117 ||   365
       Rpst.: Falchion   |       |       |     6 ||     6

Table legend:
 A = Spawn XP
 B = Non-spawn XP
 C = Spawn XP percentage of total XP
 D = Spawn monster count
 E = Non-spawn monster count
 F = Spawn count percentage of total count
 G = Total turns spent on level
                    A         B        C        D         E        F      G
               +---------+---------+-------+---------+---------+-------+---------
         Total |       0 |    2087 |   0.0 |       0 |     133 |   0.0 |  5741
               +---------+---------+-------+---------+---------+-------+---------
           D:1 |       0 |      37 |   0.0 |       0 |      22 |   0.0 |  1171
           D:2 |       0 |      51 |   0.0 |       0 |      16 |   0.0 |  1596
           D:3 |       0 |     246 |   0.0 |       0 |      32 |   0.0 |  1020
           D:4 |       0 |     724 |   0.0 |       0 |      30 |   0.0 |  1013
           D:5 |       0 |     435 |   0.0 |       0 |      23 |   0.0 |   754
           D:6 |       0 |     594 |   0.0 |       0 |      10 |   0.0 |   187
               +---------+---------+-------+---------+---------+-------+---------
